cohdb
Replays
Latest Replays
All Replays
Popular Replays
Top Player Replays
Match Explorer
How It Works
Community
CoH3 Stats
Reddit
Sign in to upload your games and track your stats! →
Sign in with Steam
Match 45750268
Unlisted
Match 45750268
Overview
Messages
Build Orders
End
Pioneer Squad
Pioneer Squad
Construct Infanterie Kompanie
Selects Terror Battlegroup
Selects Machine Gun Camouflage
MG 42 Machine Gun Team
MG 42 Machine Gun Team
Grenadier Squad
Medical Station
Construct Luftwaffe Kompanie
Jäger Squad
Jäger Squad
Support Elements
Marder III M Tank Destroyer
Wirbelwind Flakpanzer
Selects Interrogate
Flak 30 Anti-aircraft Gun Team
Marder III M Tank Destroyer
Luftwaffe Officer Quarters
Wirbelwind Flakpanzer
Jäger Squad
Selects Defend the Fatherland
Jäger Squad
Defend the Fatherland
Selects King Tiger Heavy Tank
Defend the Fatherland
King Tiger Heavy Tank
Selects Propaganda Leaflet Drop
Propaganda Leaflet Drop
Selects V1 Rocket Strike
Wirbelwind Flakpanzer
TwoHorse
Liberator4515
0
0
Comments
sign in to comment!
No comments posted yet!